 Dungeon Crawl Stone Soup version 0.25.0-9-g26727b657a (webtiles) character file.

Game seed: 6947503030250385099

25 Lidrum the Cudgeler (level 2, 0/27 HPs)
             Began as a Minotaur Berserker on June 21, 2020.
             Was a Follower of Trog.
             Succumbed to an adder's poison
             ... on level 1 of the Dungeon.
             The game lasted 00:02:48 (1080 turns).

Lidrum the Cudgeler (Minotaur Berserker)            Turns: 1080, Time: 00:02:48

Health: 0/27       AC:  2    Str: 21    XL:     2   Next: 86%
Magic:  1/1        EV: 12    Int:  4    God:    Trog [*.....]
Gold:   43         SH:  0    Dex:  9    Spells: 1/1 levels left

rFire    . . .     SeeInvis .   a - +0 mace
rCold    . . .     Gourm    .   (no shield)
rNeg     . . .     Faith    .   b - +0 animal skin
rPois    .         Spirit   .   (helmet restricted)
rElec    .         Reflect  .   (no cloak)
rCorr    .         Harm     .   (no gloves)
MR       .....                  (no boots)
Stlth    +.........             (no amulet)
HPRegen  0.09/turn              (no ring)
MPRegen  0.07/turn              (no ring)

@: lethally poisoned (0 -> -3), about to teleport, berserk cooldown, very
slightly contaminated, slowed, very slow
A: retaliatory headbutt, horns 2
a: Berserk, Renounce Religion


You were on level 1 of the Dungeon.
You worshipped Trog.
Trog was aware of your devotion.
You were very hungry.

You visited 1 branch of the dungeon, and saw 2 of its levels.

You collected 43 gold pieces.

Inventory:

Hand Weapons
 a - a +0 mace (weapon)
Armour
 b - a +0 animal skin (worn)
Jewellery
 l - a +6 ring of dexterity {unknown}
Scrolls
 d - a scroll of immolation
 e - a scroll of identify
Comestibles
 c - a ration
 h - a chunk of flesh


   Skills:
 - Level 3.7 Fighting
 * Level 4.5 Maces & Flails
 + Level 3.0 Armour
 - Level 2.2 Dodging


You had one spell level left.
You didn't know any spells.
Your spell library was empty.

Dungeon Overview and Level Annotations

Branches:
Dungeon (2/15)

Altars:


Innate Abilities, Weirdness & Mutations

You reflexively headbutt those who attack you in melee.
You have a pair of horns on your head.


Message History

You are lethally poisoned (2 -> -3).
You are slowed.
Your movement speed is very slow.
Your attack speed is very slow.
Unknown command.
As you read the scroll labeled DAJAUNW QADUA, it crumbles to dust.
It is a scroll of identify.
d - a scroll of immolation You aren't carrying any potions.
Blink to where?
Press: ? - help, Dir - move target cursor You are very lightly contaminated with residual magic.
As you read the scroll labeled HOIFRIOWOJ, it crumbles to dust.
It was a scroll of blinking.
* * * LOW HITPOINT WARNING * * *
You feel sick.
Unknown command.
As you read the scroll labeled WUIQ WEIME, it crumbles to dust.
The scroll dissolves into smoke.
It was a scroll of fog.
As you read the scroll labeled KAEHOH ROASO, it crumbles to dust.
You feel strangely unstable.
It was a scroll of teleportation.
You die...

.#.## #.#.# #.#
....# #.#.# #.#
###.###.#.#######.#
#.........)....>..#
###..#....#.####..#
..#....#.##.####..#
#.#.##.........§§§#
#<#.###.....####§##
###.# #.##### #@#
....# #.# #§# ###.#
#.# #§# #.#.# #.#
#.# #.#.# #.# #.#
..#.# #.# #§#
###.###.# #.#
#....##.#### #.#
###..##....#####.#


There were no monsters in sight!

Vanquished Creatures
  An adder (D:2)
  3 dart slugs
  A leopard gecko (D:2)
  A goblin (D:1)
  A hobgoblin (D:1)
  A kobold (D:1)
  2 frilled lizards (D:1)
  A rat (D:1)
11 creatures vanquished.

Notes
Turn   | Place    | Note
-------+----------+-------------------------------------------
     0 | D:1      | Lidrum the Minotaur Berserker began the quest for the Orb.
     0 | D:1      | Reached XP level 1. HP: 19/19 MP: 0/0
   292 | D:1      | Reached skill level 4 in Maces & Flails
   299 | D:1      | Reached XP level 2. HP: 17/27 MP: 1/1
  1078 | D:1      | HP: 1/27 [poisoned by an adder]
  1080 | D:1      | Succumbed to an adder's poison

Illustrated notes

Levels and vault maps discovered:
D:1:      evilmike_arrival_hilbert_curve, layout_loops_ring
D:2:      layout_loops_ring, uniq_robin, uniq_crazy_yiuf_cottage

Skill      XL: |  1  2 |
---------------+-------+-----
Maces & Flails | 4 |  4.5
Armour         | 3 |  3.0
Fighting       | |  3.7
Dodging        | |  2.2

Action                   || total
-------------------------++-------
Melee: Mace              ||    32
       Headbutt          ||     6
Invok: Berserk           ||     1
  Use: Scroll            ||     4
       Potion            ||     2
Armor: Animal skin       ||     4
Dodge: Dodged            ||    22
